 Dungeon Crawl Stone Soup version 0.19.0-2-gae57169 (webtiles) character file.

3518 mantycore the Blocker (level 10, -3/86 HPs)
             Began as a Hill Orc Fighter on Nov 5, 2016.
             Was an Elder of Okawaru.
             Slain by Grim's ghost (8 damage)
             ... on level 9 of the Dungeon.
             The game lasted 00:22:26 (8292 turns).

mantycore the Blocker (Hill Orc Fighter)            Turns: 8292, Time: 00:22:27

Health: -3/86      AC: 16    Str: 26    XL:     10   Next: 8%
Magic:  10/10      EV:  7    Int:  8    God:    Okawaru [****..]
Gold:   516        SH: 12    Dex: 11    Spells: 0 memorised, 9 levels left

rFire  . . .     SeeInvis .     O - +3 hand axe
rCold  + . .     Gourm    .     N - +0 plate armour
rNeg   . . .     Faith    .     c - +0 shield
rPois  .         Spirit   .     B - +1 helmet
rElec  .         Reflect  .     (no cloak)
rCorr  .         Harm     .     w - +0 pair of gloves
MR     .....                    (no boots)
Stlth  ..........               (no amulet)
                                l - +4 ring of strength (curse)
                                C - ring of protection from cold

@: no status effects
A: no striking features
a: Heroism, Renounce Religion


You were on level 9 of the Dungeon.
You worshipped Okawaru.
Okawaru was greatly pleased with you.
You were hungry.

You visited 2 branches of the dungeon, and saw 10 of its levels.

You collected 516 gold pieces.

Inventory:

Hand Weapons
 a - a +2 war axe
 e - a +0 hunting sling
 m - a +1 short sword of electrocution
 J - a +3 flail of distortion
 O - a +3 hand axe (weapon)
Missiles
 U - 13 arrows
Armour
 b - a +0 scale mail
 c - a +0 shield (worn)
 s - a +0 chain mail
 w - a +0 pair of gloves (worn)
 B - a +1 helmet (worn)
 N - a +0 plate armour (worn)
Jewellery
 g - a cursed ring of teleportation {unknown}
 i - an uncursed ring of ice
 l - a cursed +4 ring of strength (right hand)
 C - a ring of protection from cold (left hand)
 W - an uncursed ring of resist corrosion {unknown}
Wands
 d - a wand of slowing (31/48)
 t - a wand of slowing (34/48)
 X - a wand of lightning (9/15)
Scrolls
 k - 3 scrolls of immolation
 p - 4 scrolls of remove curse {unknown}
 r - 2 scrolls of fear {unknown}
 y - a scroll of teleportation {unknown}
 F - a scroll of magic mapping {unknown}
 G - a scroll of amnesia {unknown}
 I - 2 scrolls of random uselessness
 M - a scroll of recharging {unknown}
 P - a scroll of summoning {unknown}
 R - a scroll of fog {unknown}
 V - a scroll of enchant weapon
Potions
 h - 3 potions of curing
 j - 3 potions of heal wounds {unknown}
 n - a potion of haste
 o - a potion of flight {unknown}
 q - 3 potions of lignification {unknown}
 v - a potion of cancellation {unknown}
 z - a potion of berserk rage {unknown}
 H - a potion of degeneration {unknown}
 Q - a potion of resistance {unknown}
 S - a potion of might
 T - a potion of brilliance {unknown}
Books
 u - a book of Cantrips

   Spells                             Type                      Level
   a - Confusing Touch                Hexes                        1
   b - Animate Skeleton               Necromancy                   1
   c - Summon Small Mammal            Summoning                    1
   d - Apportation                    Translocation                1
 x - a book of Misfortune

   Spells                             Type                      Level
   a - Confusing Touch                Hexes                        1
   b - Confuse                        Hexes                        3
   c - Gell's Gravitas                Hexes/Translocation          3
   d - Petrify                        Transmutation/Earth          4
   e - Metabolic Englaciation         Hexes/Ice                    5
   f - Yara's Violent Unravelling     Hexes/Transmutation          5
Comestibles
 f - 5 bread rations
 A - a royal jelly
 D - 5 meat rations
 E - 2 slices of pizza
 K - 3 beef jerkies
 L - 2 fruits


   Skills:
 + Level 7.3 Fighting
 + Level 6.2 Short Blades
 + Level 8.2 Axes
 + Level 7.2 Armour
 + Level 2.0 Dodging
 + Level 0.3 Stealth
 + Level 8.5 Shields


You had 9 spell levels left.
You didn't know any spells.

Dungeon Overview and Level Annotations

Branches:
Dungeon (9/15)             Temple (1/1) D:4            Lair (0/6) D:8
    Orc: D:9-12

Altars:
Ashenzari
Cheibriados
Dithmenos
Elyvilon
Fedhas
Gozag
Hepliaklqana
Kikubaaqudgha
Makhleb
Nemelex Xobeh
Okawaru
Ru
Sif Muna
Uskayaw
Vehumet
Xom
Zin
The Shining One

Shops:
D:5 %

Annotations:
D:9 Grim's ghost, journeyman OgBe


Message History

The worker ant moves out of view.
Grim's ghost hits you! You block Grim's ghost's attack.
You miss Grim's ghost. You block Grim's ghost's attack.
You slash Grim's ghost!
Grim's ghost is lightly damaged.
You block Grim's ghost's attack.
You miss Grim's ghost.
Grim's ghost is lightly damaged.
Grim's ghost hits you!!
You closely miss Grim's ghost.
Grim's ghost is lightly damaged.
You block Grim's ghost's attack.
You hit Grim's ghost.
Grim's ghost is lightly damaged.
You hit the worker ant.
The worker ant bites you but does no damage.
Grim's ghost hits you!!!
* * * LOW HITPOINT WARNING * * *
You are electrocuted!
You die...

####### ...$$..
....... #. ##._..._.
#..##########?.......
#....<.......@W..⌠...
#...........?.a......
#.............._..._.
#.############.......
# ##..... ##... ...
..


You could see a worker ant and Grim's ghost.

Vanquished Creatures
  Pikel (D:8)
  Grinder (D:6)
  Eustachio (D:5)
  A hungry ghost (D:7)
  Edmund (D:4)
  3 wargs (D:8)
  An orc warrior (D:8)
  2 sky beasts
  A slave (D:8)
  An ogre (D:5)
  2 phantoms
  A centaur (D:6)
  3 bullfrogs
  A scorpion (D:8)
  2 crimson imps
  A quasit (D:6)
  2 bullfrog zombies (D:8)
  2 hounds
  A centaur zombie (D:8)
  7 orc wizards
  6 orc priests
  Natasha (twice) (D:4)
  11 worker ants
  2 hound zombies
  4 gnolls (D:4)
  8 adders
  5 shadow imps
  3 oozes
  An adder zombie (D:6)
  3 adder skeletons
  A worm (D:2)
  3 dart slugs
  27 orcs
  6 giant cockroaches
  11 goblins
  9 hobgoblins
  10 jackals
  3 quokkas
  4 bats
  4 frilled lizards
  4 kobolds
  A leopard gecko skeleton (D:4)
  A quokka skeleton (D:5)
  A quokka zombie (D:6)
  8 rats
173 creatures vanquished.

Vanquished Creatures (others)
  A slave (D:8)
1 creature vanquished.

Grand Total: 174 creatures vanquished

Notes
Turn   | Place    | Note
-------+----------+-------------------------------------------
     0 | D:1      | mantycore the Hill Orc Fighter began the quest for the Orb.
     0 | D:1      | Reached XP level 1. HP: 19/19 MP: 1/1
    79 | D:1      | Found a shattered altar of Ashenzari.
   241 | D:1      | Reached XP level 2. HP: 27/27 MP: 2/2
   513 | D:1      | Reached XP level 3. HP: 7/33 MP: 3/3
  1672 | D:3      | Reached XP level 4. HP: 40/40 MP: 4/4
  1747 | D:3      | Reached skill level 1 in Short Blades
  2010 | D:3      | Reached XP level 5. HP: 45/46 MP: 5/5
  2409 | D:4      | Found a staircase to the Ecumenical Temple.
  2417 | Temple   | Entered the Ecumenical Temple
  2435 | Temple   | Became a worshipper of Warmaster Okawaru
  2624 | D:4      | Found a shadowy altar of Dithmenos.
  2655 | D:4      | Reached XP level 6. HP: 53/53 MP: 6/6
  2759 | D:4      | Noticed Edmund
  2778 | D:4      | Killed Edmund
  2849 | D:4      | Noticed Natasha
  2857 | D:4      | Killed Natasha
  2857 | D:4      | Reached skill level 1 in Dodging
  2875 | D:4      | Noticed Natasha
  2882 | D:4      | Killed Natasha
  2882 | D:4      | Reached XP level 7. HP: 60/60 MP: 7/7
  2903 | D:4      | Reached skill level 5 in Shields
  2919 | D:4      | Reached * piety under Okawaru
  2973 | D:4      | Reached skill level 5 in Fighting
  3357 | D:5      | Entered Level 5 of the Dungeon
  3431 | D:5      | Found Yblauf's Food Shop.
  3503 | D:5      | Noticed Eustachio
  3515 | D:5      | Killed Eustachio
  3734 | D:5      | Reached skill level 5 in Armour
  3995 | D:5      | Reached ** piety under Okawaru
  3995 | D:5      | Reached skill level 5 in Short Blades
  3995 | D:5      | Reached XP level 8. HP: 57/69 MP: 8/8
  4185 | D:5      | You fall through a shaft for 3 floors!
  4218 | D:8      | Found a shimmering altar of Xom.
  4802 | D:8      | Found a staircase to the Lair.
  4815 | D:8      | Reached *** piety under Okawaru
  4815 | D:8      | Reached XP level 9. HP: 52/75 MP: 9/9
  5386 | D:8      | Found a shimmering altar of Xom.
  5395 | D:8      | Noticed Pikel
  5416 | D:8      | Killed Pikel
  5749 | D:8      | Found a shimmering altar of Xom.
  5749 | D:8      | Found a shimmering altar of Xom.
  5749 | D:8      | Found a shimmering altar of Xom.
  5749 | D:8      | Found a shimmering altar of Xom.
  5749 | D:8      | Noticed a moth of wrath
  5750 | D:8      | Found a shimmering altar of Xom.
  6719 | D:6      | Noticed Grinder
  6751 | D:6      | Killed Grinder
  6751 | D:6      | Reached **** piety under Okawaru
  7301 | D:6      | Reached XP level 10. HP: 84/86 MP: 10/10
  8277 | D:9      | Found a burning altar of Makhleb.
  8277 | D:9      | Found a glowing golden altar of the Shining One.
  8281 | D:9      | Found a blossoming altar of Fedhas.
  8281 | D:9      | Found a snail-covered altar of Cheibriados.
  8281 | D:9      | Noticed Grim's ghost (journeyman OgBe)
  8292 | D:9      | Slain by Grim's ghost

Skill      XL: |  1  2  3  4  5  6  7  8  9 10 |
---------------+-------------------------------+-----
Axes           | 3 4 7 8 |  8.2
Fighting       | 4 5 6 7 |  7.3
Short Blades   | 2 3 4 5 6 |  6.2
Shields        | 4 5 6 8 |  8.5
Armour         | 4 5 6 7 |  7.2
Dodging        | 1 2 |  2.0
Stealth        | |  0.3

Action                   |  1- 3 |  4- 6 |  7- 9 | 10-12 || total
-------------------------+-------+-------+-------+-------++-------
Melee: War axe           |    34 |       |       |       ||    34
       Short sword       |    43 |   106 |   168 |       ||   317
       Hand axe          |       |       |   330 |    51 ||   381
  Use: Scroll            |       |       |     5 |       ||     5
       Potion            |       |       |     4 |       ||     4
  Eat: Chunk             |     2 |     4 |    14 |     3 ||    23
       Bread ration      |       |       |     1 |       ||     1
Armor: Scale mail        |    15 |       |       |       ||    15
       Chain mail        |    16 |    63 |    93 |       ||   172
       Plate armour      |       |       |   178 |    23 ||   201
Dodge: Dodged            |    16 |    27 |   117 |    24 ||   184
Block: Shield            |    36 |    60 |   277 |    40 ||   413
